 Dungeon Crawl Stone Soup version 0.31.0 (webtiles) character file.

Game seed: 5309186308646686671

2660 qw the Skirmisher (level 9, -1/57 HPs)
             Began as a Gargoyle Hunter on Jan 19, 2024.
             Was a Follower of Okawaru.
             Slain by a yak (9 damage)
             ... on level 7 of the Dungeon.
             The game lasted 00:00:43 (6731 turns).

qw the Skirmisher (Gargoyle Hunter)                 Turns: 6731, Time: 00:00:43

Health: -1/57      AC: 15    Str: 21    XL:     9   Next: 63%
Magic:  10/10      EV: 13    Int: 10    God:    Okawaru [*.....]
Gold:   449        SH:  5    Dex: 17    Spells: 8/8 levels left

rFire   . . .        a - +1 shortbow
rCold   . . .        (shield currently unavailable)
rNeg    + . .        l - +2 leather armour {rPois}
rPois   inf          (helmet restricted)
rElec   +            (no cloak)
rCorr   .            n - +2 pair of gloves
SInv    .            m - +0 pair of boots
Will    +....        f - amulet of reflection
Stlth   ++           c - ring of willpower
HPRegen 0.29/turn    o - +6 ring of strength
MPRegen 0.12/turn

%: reflection
@: about to teleport
A: sickness immunity, AC +6, negative energy resistance 1, electricity
resistance, torment resistance 1, petrification resistance, antennae 1, claws 1
a: Renounce Religion, Heroism


You were on level 7 of the Dungeon.
You worshipped Okawaru.
Okawaru was aware of your devotion.
You visited 2 branches of the dungeon, and saw 9 of its levels.

You collected 449 gold pieces.


Innate Abilities, Weirdness & Mutations

You are immune to sickness and miasma.
Your stone body is resilient. (AC +6)
You are immune to poison.
You resist negative energy. (rN+)
You are resistant to electric shocks. (rElec)
You are resistant to unholy torment.
You are immune to petrification.
You have a pair of small antennae on your head.
You have sharp fingernails.


   Skills:
 - Level 7.1 Fighting
 + Level 10.9 Ranged Weapons
 - Level 2.3 Armour
 - Level 3.2 Dodging
 - Level 1.1 Stealth
 + Level 2.3 Invocations


You had 8 spell levels left.
You didn't know any spells.
Your spell library was empty.

Inventory:

Hand Weapons
 a - a +1 shortbow (weapon)
Armour
 l - a +2 leather armour of poison resistance (worn)
 m - a +0 pair of boots (worn)
 n - a +2 pair of gloves (worn)
Jewellery
 c - a ring of willpower (left hand)
 d - a ring of ice
 f - an amulet of reflection (around neck)
 o - a +6 ring of strength (right hand)
Wands
 b - a wand of digging (3)
 p - a wand of mindburst (11)
 u - a wand of roots (13)
Potions
 e - a potion of resistance
 g - a potion of mutation
 h - 2 potions of curing
 j - a potion of enlightenment
 k - a potion of ambrosia {unknown}
 s - a potion of heal wounds

Dungeon Overview and Level Annotations

Branches:
Dungeon (8/15)             Temple (1/1) D:7
   Lair: D:8-11

Altars:
Ashenzari
Cheibriados
Dithmenos
Elyvilon
Fedhas
Gozag
Hepliaklqana
Kikubaaqudgha
Makhleb
Nemelex Xobeh
Okawaru
Qazlal
Ru
Trog
Uskayaw
Vehumet
Wu Jian
Xom
Yredelemnul
Zin
The Shining One

Shops:
D:5 *


Message History

6718 ||| RETREEEEATING.
The yak gores you!
6719 ||| RETREEEEATING.
You see here a yak corpse.
6720 ||| RETREEEEATING.
The yak attacks as it pursues you! The yak barely misses you.
You shoot an arrow.
The arrow hits the yak but does no damage.
You shoot an arrow. The arrow hits the yak!
The yak is moderately wounded.
The yak misses you.
You shoot an arrow. The arrow closely misses the yak.
The arrow hits the yak but does no damage.
The yak gores you but does no damage.
You shoot an arrow. The arrow barely misses the yak. x2
The yak misses you.
You shoot an arrow. The arrow barely misses the yak.
The arrow closely misses the yak.
The arrow hits the yak but does no damage.
The yak gores you.
You shoot an arrow. The arrow hits the yak!
The yak is heavily wounded.
The yak gores you but does no damage.
You shoot an arrow. The arrow closely misses the yak.
The arrow hits the yak!
The yak is moderately wounded.
The yak misses you.
You shoot an arrow. The arrow hits the yak.
The yak is severely wounded.
The yak barely misses you.
You shoot an arrow. The arrow hits the yak!
The yak is almost dead.
The yak gores you!
You shoot an arrow. The arrow hits the yak.
The yak is almost dead.
The yak gores you!
6731 ||| READING scroll of teleportation.
As you read the scroll of teleportation, it crumbles to dust.
You feel strangely unstable. The yak gores you!
You die...

#.##....##.....##.......#
#.......##.....##.......#
#.......##.....##....#..#
##.#######.....###.##.#.# #.#
#.....# #......#
##.#########.########.###
#.......#.......# #.#
##...###.#.##.##.# #.#
#..?..........##@# #.#
.......#.#.#####Y#####.#
.).........###.YYY.....#
)..........>.......#############
#.....####..%......# #.......#
##...## ####......# #....##.#
#...# #[.....# #....##.## #...#
##.###### #.##...... #...# #...#
#.##.##.##


You could see 4 yaks.

Vanquished Creatures
  Pikel (D:7)
  3 yaks (D:7)
  Eustachio (D:5)
  A water moccasin (D:6)
  2 ice beasts (D:5)
  2 black bears (D:6)
  An ogre (D:7)
  2 lemures (D:7)
  Blork the orc (D:4)
  A kobold brigand (D:7)
  2 bullfrogs
  2 scorpions (D:5)
  A killer bee (D:7)
  A howler monkey (D:6)
  3 hounds
  A jelly (D:7)
  2 orc priests (D:6)
  A bombardier beetle (D:7)
  A sleepcap (D:6)
  3 iguanas
  3 orc wizards
  Robin (D:2)
  6 adders
  A white imp (D:7)
  A ribbon worm (D:4)
  11 orcs
  4 endoplasms
  6 giant cockroaches
  14 goblins
  15 hobgoblins
  3 jackals
  13 kobolds
  3 quokkas
  A ball python (D:1)
  3 bats
  4 frilled lizards
  8 rats
129 creatures vanquished.

Vanquished Creatures (others)
  A kobold brigand (D:7)
1 creature vanquished.

Grand Total: 130 creatures vanquished

Notes
Turn   | Place    | Note
-------+----------+-------------------------------------------
     0 | D:1      | qw the Gargoyle Hunter began the quest for the Orb.
     0 | D:1      | Reached XP level 1. HP: 12/12 MP: 1/1
     0 | D:1      | 0 ||| qw: Version: 0.3-a-132-g3d54051
     0 | D:1      | 0 ||| qw: Game counter: 53
     0 | D:1      | 0 ||| qw: Melee chars always use a shield: true
     0 | D:1      | 0 ||| qw: God list: Okawaru
     0 | D:1      | 0 ||| qw: Allow faded altars: false
     0 | D:1      | 0 ||| qw: Do Orc after clearing Dungeon:15 true
     0 | D:1      | 0 ||| qw: Do second Lair branch before Depths: true
     0 | D:1      | 0 ||| qw: Lair rune preference: random
     0 | D:1      | 0 ||| qw: Goals: Normal
     0 | D:1      | 0 ||| PLANNING D:1-11
    84 | D:1      | Reached XP level 2. HP: 13/17 MP: 2/2
   655 | D:1      | Reached XP level 3. HP: 21/21 MP: 3/3
   772 | D:1      | Reached skill level 5 in Ranged Weapons
   912 | D:1      | 912 ||| UPGRADING to amulet of reflection.
   917 | D:1      | 917 ||| READING scroll labelled IHUC MAYNEFI.
   918 | D:1      | 918 ||| READING 2 scrolls labelled NYTUBR LICUPN.
   918 | D:1      | 918 ||| IDENTIFYING blue potion
   919 | D:1      | 919 ||| READING scroll of identify.
   919 | D:1      | 919 ||| IDENTIFYING scroll labelled ISIT ZYKIGOOF
   920 | D:1      | 920 ||| DROPPING scroll of butterflies.
   921 | D:1      | 921 ||| DROPPING potion of brilliance.
   922 | D:1      | 922 ||| DROPPING scroll of amnesia.
  1056 | D:2      | 1056 ||| FLEEEEING.
  1057 | D:2      | 1057 ||| FLEEEEING.
  1058 | D:2      | 1058 ||| FLEEEEING.
  1067 | D:2      | 1067 ||| FLEEEEING.
  1068 | D:2      | 1068 ||| FLEEEEING.
  1082 | D:2      | Noticed Robin
  1088 | D:2      | Killed Robin
  1089 | D:2      | Reached skill level 3 in Fighting
  1093 | D:2      | Reached XP level 4. HP: 28/28 MP: 4/4
  1416 | D:2      | 1416 ||| UPGRADING to +0 helmet.
  1421 | D:2      | 1421 ||| UPGRADING to +0 ring mail.
  1431 | D:2      | 1431 ||| DROPPING +0 leather armour.
  1432 | D:2      | 1432 ||| READING scroll of identify.
  1432 | D:2      | 1432 ||| IDENTIFYING fuming dark potion
  1433 | D:2      | 1433 ||| READING scroll labelled BOACLEL XOLOBU.
  1433 | D:2      | 1433 ||| ENCHANTING +0 shortbow.
  1448 | D:3      | 1448 ||| STAIRDANCE
  1454 | D:2      | 1454 ||| FLEEEEING.
  1483 | D:3      | 1483 ||| STAIRDANCE
  1488 | D:2      | Reached skill level 1 in Armour
  1669 | D:3      | Reached XP level 5. HP: 32/32 MP: 5/5
  1796 | D:3      | You fall into a shaft and drop 2 floors!
  1796 | D:5      | Entered Level 5 of the Dungeon
  1824 | D:5      | Noticed an ice beast
  1832 | D:5      | Killed an ice beast
  1833 | D:5      | Reached skill level 6 in Ranged Weapons
  1849 | D:5      | Reached XP level 6. HP: 31/37 MP: 6/6
  1892 | D:5      | Found Ytal's General Store.
  1910 | D:5      | 1910 ||| FLEEEEING.
  1911 | D:5      | Noticed an ice beast
  1912 | D:5      | 1912 ||| FLEEEEING.
  1914 | D:5      | 1914 ||| STAIRDANCE
  1915 | D:4      | Noticed Blork the orc
  1929 | D:4      | Killed Blork the orc
  2171 | D:4      | 2171 ||| FLEEEEING.
  2175 | D:4      | 2175 ||| STAIRDANCE
  2339 | D:3      | 2339 ||| UPGRADING to +0 pair of gloves.
  2344 | D:3      | 2344 ||| UPGRADING to +1 pair of gloves.
  2354 | D:3      | 2354 ||| DROPPING +0 pair of gloves.
  2355 | D:3      | 2355 ||| READING 3 scrolls of identify.
  2355 | D:3      | 2355 ||| IDENTIFYING yellow potion
  2356 | D:3      | 2356 ||| READING 2 scrolls of identify.
  2356 | D:3      | 2356 ||| IDENTIFYING scroll labelled RUKKUI JAOHEI
  2357 | D:3      | 2357 ||| READING scroll of identify.
  2357 | D:3      | 2357 ||| IDENTIFYING scroll labelled QEOHUNO KAGU
  2358 | D:3      | 2358 ||| READING scroll labelled FUUFO YV TILYFY.
  2359 | D:3      | 2359 ||| DROPPING scroll of fear.
  2360 | D:3      | 2360 ||| DROPPING potion of attraction.
  2897 | D:4      | 2897 ||| UPGRADING to ring of willpower.
  2898 | D:4      | 2898 ||| DRINKING 2 bubbling purple potions.
  2898 | D:4      | Gained mutation: You have a pair of small antennae on your
                  | head. [potion of mutation]
  2898 | D:4      | Gained mutation: You have sharp fingernails. [potion of
                  | mutation]
  2899 | D:4      | 2899 ||| DROPPING +0 helmet.
  2940 | D:5      | Killed an ice beast
  2941 | D:5      | Reached skill level 7 in Ranged Weapons
  2941 | D:5      | Reached XP level 7. HP: 43/43 MP: 7/7
  3412 | D:5      | Noticed Eustachio
  3415 | D:5      | 3415 ||| RETREEEEATING.
  3416 | D:5      | 3416 ||| RETREEEEATING.
  3419 | D:5      | 3419 ||| RETREEEEATING.
  3420 | D:5      | 3420 ||| RETREEEEATING.
  3523 | D:5      | HP: 10/43 [iron imp[Eustachio] (5)]
  3524 | D:5      | 3524 ||| READING scroll of teleportation.
  3659 | D:5      | Killed Eustachio
  3660 | D:5      | Reached skill level 8 in Ranged Weapons
  3660 | D:5      | 3660 ||| FLEEEEING.
  4117 | D:5      | 4117 ||| UPGRADING to +2 leather armour of poison
                  | resistance.
  4127 | D:5      | 4127 ||| DROPPING +0 ring mail.
  4128 | D:5      | 4128 ||| UPGRADING to +0 pair of boots.
  4133 | D:5      | 4133 ||| UPGRADING to +6 ring of strength.
  4289 | D:6      | Reached XP level 8. HP: 45/50 MP: 8/8
  4368 | D:6      | 4368 ||| FLEEEEING.
  4531 | D:6      | 4531 ||| FLEEEEING.
  4543 | D:6      | HP: 11/50 [orc wizard/magic dart (4)]
  4549 | D:6      | HP: 2/50 [orc wizard/puff of flame (10)]
  4551 | D:6      | Reached skill level 9 in Ranged Weapons
  4552 | D:6      | 4552 ||| FLEEEEING.
  4561 | D:6      | HP: 3/50 [something/magic dart (2)]
  4563 | D:6      | 4563 ||| FLEEEEING.
  4568 | D:6      | HP: 3/50 [something (2)]
  4570 | D:6      | HP: 1/50 [something (3)]
  4574 | D:6      | 4574 ||| FLEEEEING.
  5137 | D:6      | 5137 ||| FLEEEEING.
  5236 | D:6      | Reached skill level 6 in Fighting
  5393 | D:6      | 5393 ||| FLEEEEING.
  5484 | D:6      | 5484 ||| READING scroll of identify.
  5484 | D:6      | 5484 ||| IDENTIFYING green potion
  5485 | D:6      | 5485 ||| READING scroll labelled MOAWKO FIRESUQ.
  5485 | D:6      | 5485 ||| ENCHANTING +1 pair of gloves.
  5486 | D:6      | 5486 ||| READING scroll labelled WAAH PYRYUFA.
  5487 | D:6      | 5487 ||| DRINKING 2 clear potions.
  5488 | D:6      | 5488 ||| DRINKING 2 brown potions.
  5666 | D:7      | Found a staircase to the Ecumenical Temple.
  5667 | D:7      | 5667 ||| PLANNING TEMPLE
  5667 | D:7      | 5667 ||| DROPPING ring of magical power.
  5676 | Temple   | Entered the Ecumenical Temple
  5677 | Temple   | 5677 ||| PLANNING OKAWARU WORSHIP
  5697 | Temple   | Became a worshipper of Warmaster Okawaru
  5698 | Temple   | 5698 ||| PLANNING D:1-11
  5946 | D:7      | Noticed Pikel
  5949 | D:7      | 5949 ||| RETREEEEATING.
  5952 | D:7      | 5952 ||| DRINKING potion of haste.
  5992 | D:7      | Killed Pikel
  5993 | D:7      | Reached skill level 10 in Ranged Weapons
  5993 | D:7      | Reached XP level 9. HP: 17/55 MP: 9/9
  5993 | D:7      | 5993 ||| FLEEEEING.
  6264 | D:7      | Reached skill level 3 in Dodging
  6264 | D:7      | 6264 ||| FLEEEEING.
  6515 | D:7      | 6515 ||| READING scroll of identify.
  6515 | D:7      | 6515 ||| IDENTIFYING pink potion
  6516 | D:7      | 6516 ||| READING scroll labelled MOUQYKHLIBLU.
  6517 | D:7      | 6517 ||| DROPPING wand of flame (20).
  6549 | D:8      | 6549 ||| STAIRDANCE
  6557 | D:8      | 6557 ||| STAIRDANCE
  6559 | D:7      | 6559 ||| RETREEEEATING.
  6560 | D:7      | 6560 ||| RETREEEEATING.
  6561 | D:7      | 6561 ||| RETREEEEATING.
  6562 | D:7      | 6562 ||| RETREEEEATING.
  6563 | D:7      | 6563 ||| RETREEEEATING.
  6564 | D:7      | 6564 ||| RETREEEEATING.
  6585 | D:7      | Reached * piety under Okawaru
  6596 | D:7      | Reached skill level 1 in Invocations
  6604 | D:7      | 6604 ||| FLEEEEING.
  6713 | D:8      | 6713 ||| STAIRDANCE
  6715 | D:7      | 6715 ||| RETREEEEATING.
  6716 | D:7      | 6716 ||| RETREEEEATING.
  6717 | D:7      | 6717 ||| RETREEEEATING.
  6718 | D:7      | 6718 ||| RETREEEEATING.
  6719 | D:7      | 6719 ||| RETREEEEATING.
  6720 | D:7      | 6720 ||| RETREEEEATING.
  6730 | D:7      | HP: 8/57 [yak (8)]
  6731 | D:7      | 6731 ||| READING scroll of teleportation.
  6731 | D:7      | Slain by a yak

Levels and vault maps discovered:
D:1:      dpeg_arrival_shrine, layout_basic, serial_bayou_crossing
D:2:      layout_rooms, uniq_robin
D:3:      layout_basic
D:4:      layout_basic, hangedman_abyss_or_decor_lesser_grid, uniq_blork_the_orc
D:5:      layout_layer_cave, serial_shops, nicolae_shop_window_shopping,
          uniq_eustachio
D:6:      layout_basic, item_on_display_a
D:7:      layout_loops_cross, minmay_temple_entry_crystal_x, uniq_pikel
D:8:      layout_cave_pools, tgw_sif, serial_column_ruins,
          column_ruins_temple_circle, column_ruins_hut, column_ruins_grid_1,
          column_ruins_columns_straight, column_ruins_grid_3,
          column_ruins_open_small, minmay_misc_feat_encased,
          nicolae_transporter_circle, uniq_maurice
Temple:   mainiacjoe_temple_circle_huts

Skill      XL: |  1  2  3  4  5  6  7  8  9 |
---------------+----------------------------+-----
Ranged Weapons | 5 6 7 8 10 | 10.9
Fighting       | 3 4 5 6 7 |  7.1
Armour         | 1 2 |  2.3
Dodging        | 2 3 |  3.2
Invocations    | 2 |  2.3
Stealth        | |  1.1

Action                     |  1- 3 |  4- 6 |  7- 9 || total
---------------------------+-------+-------+-------++-------
   Fire: Shortbow          |   107 |   165 |   448 ||   720
    Use: Scroll            |     3 |     6 |     7 ||    16
         Potion            |       |     1 |     3 ||     4
 Armour: Leather armour    |    25 |    26 |   161 ||   212
         Ring mail         |       |    35 |   108 ||   143
  Dodge: Dodged            |    21 |    28 |   195 ||   244
  Block: Other             |       |    17 |    72 ||    89
         Reflection        |       |       |     2 ||     2

Table legend:
 A = Non-vault XP
 B = Vault XP
 C = Vault XP percentage of total XP
 D = Non-vault monster count
 E = Vault monster count
 F = Vault count percentage of total count
                 A         B        C        D         E       F
            +---------+---------+-------+---------+---------+-------
      Total |    2826 |     974 |  25.6 |     113 |      15 |  11.7
            +---------+---------+-------+---------+---------+-------
        D:1 |      41 |       0 |   0.0 |      25 |       0 |   0.0
        D:2 |      66 |      36 |  35.3 |      21 |      12 |  36.4
        D:3 |      30 |       0 |   0.0 |      11 |       0 |   0.0
        D:4 |      14 |      96 |  87.3 |       6 |       1 |  14.3
        D:5 |     598 |     191 |  24.2 |      10 |       1 |   9.1
        D:6 |     869 |       0 |   0.0 |      17 |       0 |   0.0
        D:7 |    1208 |     651 |  35.0 |      23 |       1 |   4.2
            +---------+---------+-------+---------+---------+-------
